Workbook

Sheet Client Summary
A1: COMMERCIAL TI - SWIM SCHOOL - CLIENT BID SUMMARY
A2: Project | B2: COMMERCIAL TI - SWIM SCHOOL | C2: Bid As | D2: General Contractor | E2: Bid Due | F2: TBD
A3: Location | B3: Texas | C3: Area | D3: 3,325 SF | E3: Proposal Date | F3: 09/10/2026
A4: Prepared By | B4: Apex Estimating & Bid Services | E4: Phone | F4: (207) 332-2259
A5: CONTRACT SUMMARY
A6: Direct Cost | B6: Material Tax | C6: Overhead & Profit | D6: Before Contingency | E6: Contingency | F6: FINAL CONSTRUCTION CONTRACT
A7: =SUM('Scope Estimate Detail'!N5:N23) | B7: =SUM('Scope Estimate Detail'!M5:M23) | C7: =SUM('Scope Estimate Detail'!O5:O23) | D7: =SUM('Scope Estimate Detail'!P5:P23) | E7: =SUM('Scope Estimate Detail'!Q5:Q23) | F7: =SUM('Scope Estimate Detail'!R5:R23)
A8: PRICING BASIS
A9: OH&P | B9: 0.15 | C9: Contingency | D9: 0.05 | E9: Material Sales Tax | F9: 0.083
A10: Pricing is based on the marked architectural, structural, plumbing, mechanical, electrical and aquatic takeoffs, the master pricing library, and documented estimator allowances where an exact library rate was not available.

Sheet Trade Breakdown
A1: COMMERCIAL TI - SWIM SCHOOL - CONTRACT PRICE BREAKDOWN BY TRADE
A2: Texas
A4: CONTRACT ALLOCATION BY TRADE
A5: Trade | B5: Labor Cost | C5: Material Cost | D5: Material Tax | E5: OH&P | F5: Before Contingency | G5: Contingency | H5: Contract Amount | I5: % of Contract
A6: General Requirements | B6: =IF(A6="","",SUMIF('Scope Estimate Detail'!$D$5:$D$23,A6,'Scope Estimate Detail'!$K$5:$K$23)) | C6: =IF(A6="","",SUMIF('Scope Estimate Detail'!$D$5:$D$23,A6,'Scope Estimate Detail'!$L$5:$L$23)) | D6: =IF(A6="","",SUMIF('Scope Estimate Detail'!$D$5:$D$23,A6,'Scope Estimate Detail'!$M$5:$M$23)) | E6: =IF(A6="","",SUMIF('Scope Estimate Detail'!$D$5:$D$23,A6,'Scope Estimate Detail'!$O$5:$O$23)) | F6: =IF(A6="","",SUMIF('Scope Estimate Detail'!$D$5:$D$23,A6,'Scope Estimate Detail'!$P$5:$P$23)) | G6: =IF(A6="","",SUMIF('Scope Estimate Detail'!$D$5:$D$23,A6,'Scope Estimate Detail'!$Q$5:$Q$23)) | H6: =IF(A6="","",SUMIF('Scope Estimate Detail'!$D$5:$D$23,A6,'Scope Estimate Detail'!$R$5:$R$23)) | I6: =IF(H6="","",IF($H$21=0,0,H6/$H$21))
A7: Demolition & Existing Conditions | B7: =IF(A7="","",SUMIF('Scope Estimate Detail'!$D$5:$D$23,A7,'Scope Estimate Detail'!$K$5:$K$23)) | C7: =IF(A7="","",SUMIF('Scope Estimate Detail'!$D$5:$D$23,A7,'Scope Estimate Detail'!$L$5:$L$23)) | D7: =IF(A7="","",SUMIF('Scope Estimate Detail'!$D$5:$D$23,A7,'Scope Estimate Detail'!$M$5:$M$23)) | E7: =IF(A7="","",SUMIF('Scope Estimate Detail'!$D$5:$D$23,A7,'Scope Estimate Detail'!$O$5:$O$23)) | F7: =IF(A7="","",SUMIF('Scope Estimate Detail'!$D$5:$D$23,A7,'Scope Estimate Detail'!$P$5:$P$23)) | G7: =IF(A7="","",SUMIF('Scope Estimate Detail'!$D$5:$D$23,A7,'Scope Estimate Detail'!$Q$5:$Q$23)) | H7: =IF(A7="","",SUMIF('Scope Estimate Detail'!$D$5:$D$23,A7,'Scope Estimate Detail'!$R$5:$R$23))
A8: Concrete | B8: =IF(A8="","",SUMIF('Scope Estimate Detail'!$D$5:$D$23,A8,'Scope Estimate Detail'!$K$5:$K$23)) | C8: =IF(A8="","",SUMIF('Scope Estimate Detail'!$D$5:$D$23,A8,'Scope Estimate Detail'!$L$5:$L$23)) | D8: =IF(A8="","",SUMIF('Scope Estimate Detail'!$D$5:$D$23,A8,'Scope Estimate Detail'!$M$5:$M$23)) | E8: =IF(A8="","",SUMIF('Scope Estimate Detail'!$D$5:$D$23,A8,'Scope Estimate Detail'!$O$5:$O$23)) | F8: =IF(A8="","",SUMIF('Scope Estimate Detail'!$D$5:$D$23,A8,'Scope Estimate Detail'!$P$5:$P$23)) | G8: =IF(A8="","",SUMIF('Scope Estimate Detail'!$D$5:$D$23,A8,'Scope Estimate Detail'!$Q$5:$Q$23)) | H8: =IF(A8="","",SUMIF('Scope Estimate Detail'!$D$5:$D$23,A8,'Scope Estimate Detail'!$R$5:$R$23))
A9: Structural & Misc Metals | B9: =IF(A9="","",SUMIF('Scope Estimate Detail'!$D$5:$D$23,A9,'Scope Estimate Detail'!$K$5:$K$23)) | C9: =IF(A9="","",SUMIF('Scope Estimate Detail'!$D$5:$D$23,A9,'Scope Estimate Detail'!$L$5:$L$23)) | D9: =IF(A9="","",SUMIF('Scope Estimate Detail'!$D$5:$D$23,A9,'Scope Estimate Detail'!$M$5:$M$23)) | E9: =IF(A9="","",SUMIF('Scope Estimate Detail'!$D$5:$D$23,A9,'Scope Estimate Detail'!$O$5:$O$23)) | F9: =IF(A9="","",SUMIF('Scope Estimate Detail'!$D$5:$D$23,A9,'Scope Estimate Detail'!$P$5:$P$23)) | G9: =IF(A9="","",SUMIF('Scope Estimate Detail'!$D$5:$D$23,A9,'Scope Estimate Detail'!$Q$5:$Q$23)) | H9: =IF(A9="","",SUMIF('Scope Estimate Detail'!$D$5:$D$23,A9,'Scope Estimate Detail'!$R$5:$R$23))
A10: Millwork & Carpentry | B10: =IF(A10="","",SUMIF('Scope Estimate Detail'!$D$5:$D$23,A10,'Scope Estimate Detail'!$K$5:$K$23)) | C10: =IF(A10="","",SUMIF('Scope Estimate Detail'!$D$5:$D$23,A10,'Scope Estimate Detail'!$L$5:$L$23)) | D10: =IF(A10="","",SUMIF('Scope Estimate Detail'!$D$5:$D$23,A10,'Scope Estimate Detail'!$M$5:$M$23)) | E10: =IF(A10="","",SUMIF('Scope Estimate Detail'!$D$5:$D$23,A10,'Scope Estimate Detail'!$O$5:$O$23)) | F10: =IF(A10="","",SUMIF('Scope Estimate Detail'!$D$5:$D$23,A10,'Scope Estimate Detail'!$P$5:$P$23)) | G10: =IF(A10="","",SUMIF('Scope Estimate Detail'!$D$5:$D$23,A10,'Scope Estimate Detail'!$Q$5:$Q$23)) | H10: =IF(A10="","",SUMIF('Scope Estimate Detail'!$D$5:$D$23,A10,'Scope Estimate Detail'!$R$5:$R$23))
A11: Thermal / Waterproofing / Firestop | B11: =IF(A11="","",SUMIF('Scope Estimate Detail'!$D$5:$D$23,A11,'Scope Estimate Detail'!$K$5:$K$23)) | C11: =IF(A11="","",SUMIF('Scope Estimate Detail'!$D$5:$D$23,A11,'Scope Estimate Detail'!$L$5:$L$23)) | D11: =IF(A11="","",SUMIF('Scope Estimate Detail'!$D$5:$D$23,A11,'Scope Estimate Detail'!$M$5:$M$23)) | E11: =IF(A11="","",SUMIF('Scope Estimate Detail'!$D$5:$D$23,A11,'Scope Estimate Detail'!$O$5:$O$23)) | F11: =IF(A11="","",SUMIF('Scope Estimate Detail'!$D$5:$D$23,A11,'Scope Estimate Detail'!$P$5:$P$23)) | G11: =IF(A11="","",SUMIF('Scope Estimate Detail'!$D$5:$D$23,A11,'Scope Estimate Detail'!$Q$5:$Q$23)) | H11: =IF(A11="","",SUMIF('Scope Estimate Detail'!$D$5:$D$23,A11,'Scope Estimate Detail'!$R$5:$R$23))
A12: Openings | B12: =IF(A12="","",SUMIF('Scope Estimate Detail'!$D$5:$D$23,A12,'Scope Estimate Detail'!$K$5:$K$23)) | C12: =IF(A12="","",SUMIF('Scope Estimate Detail'!$D$5:$D$23,A12,'Scope Estimate Detail'!$L$5:$L$23)) | D12: =IF(A12="","",SUMIF('Scope Estimate Detail'!$D$5:$D$23,A12,'Scope Estimate Detail'!$M$5:$M$23)) | E12: =IF(A12="","",SUMIF('Scope Estimate Detail'!$D$5:$D$23,A12,'Scope Estimate Detail'!$O$5:$O$23)) | F12: =IF(A12="","",SUMIF('Scope Estimate Detail'!$D$5:$D$23,A12,'Scope Estimate Detail'!$P$5:$P$23)) | G12: =IF(A12="","",SUMIF('Scope Estimate Detail'!$D$5:$D$23,A12,'Scope Estimate Detail'!$Q$5:$Q$23)) | H12: =IF(A12="","",SUMIF('Scope Estimate Detail'!$D$5:$D$23,A12,'Scope Estimate Detail'!$R$5:$R$23))
A13: Finishes | B13: =IF(A13="","",SUMIF('Scope Estimate Detail'!$D$5:$D$23,A13,'Scope Estimate Detail'!$K$5:$K$23)) | C13: =IF(A13="","",SUMIF('Scope Estimate Detail'!$D$5:$D$23,A13,'Scope Estimate Detail'!$L$5:$L$23)) | D13: =IF(A13="","",SUMIF('Scope Estimate Detail'!$D$5:$D$23,A13,'Scope Estimate Detail'!$M$5:$M$23)) | E13: =IF(A13="","",SUMIF('Scope Estimate Detail'!$D$5:$D$23,A13,'Scope Estimate Detail'!$O$5:$O$23)) | F13: =IF(A13="","",SUMIF('Scope Estimate Detail'!$D$5:$D$23,A13,'Scope Estimate Detail'!$P$5:$P$23)) | G13: =IF(A13="","",SUMIF('Scope Estimate Detail'!$D$5:$D$23,A13,'Scope Estimate Detail'!$Q$5:$Q$23)) | H13: =IF(A13="","",SUMIF('Scope Estimate Detail'!$D$5:$D$23,A13,'Scope Estimate Detail'!$R$5:$R$23))
A14: Specialties | B14: =IF(A14="","",SUMIF('Scope Estimate Detail'!$D$5:$D$23,A14,'Scope Estimate Detail'!$K$5:$K$23)) | C14: =IF(A14="","",SUMIF('Scope Estimate Detail'!$D$5:$D$23,A14,'Scope Estimate Detail'!$L$5:$L$23)) | D14: =IF(A14="","",SUMIF('Scope Estimate Detail'!$D$5:$D$23,A14,'Scope Estimate Detail'!$M$5:$M$23)) | E14: =IF(A14="","",SUMIF('Scope Estimate Detail'!$D$5:$D$23,A14,'Scope Estimate Detail'!$O$5:$O$23)) | F14: =IF(A14="","",SUMIF('Scope Estimate Detail'!$D$5:$D$23,A14,'Scope Estimate Detail'!$P$5:$P$23)) | G14: =IF(A14="","",SUMIF('Scope Estimate Detail'!$D$5:$D$23,A14,'Scope Estimate Detail'!$Q$5:$Q$23)) | H14: =IF(A14="","",SUMIF('Scope Estimate Detail'!$D$5:$D$23,A14,'Scope Estimate Detail'!$R$5:$R$23))
A15: Equipment & Furnishings | B15: =IF(A15="","",SUMIF('Scope Estimate Detail'!$D$5:$D$23,A15,'Scope Estimate Detail'!$K$5:$K$23)) | C15: =IF(A15="","",SUMIF('Scope Estimate Detail'!$D$5:$D$23,A15,'Scope Estimate Detail'!$L$5:$L$23)) | D15: =IF(A15="","",SUMIF('Scope Estimate Detail'!$D$5:$D$23,A15,'Scope Estimate Detail'!$M$5:$M$23)) | E15: =IF(A15="","",SUMIF('Scope Estimate Detail'!$D$5:$D$23,A15,'Scope Estimate Detail'!$O$5:$O$23)) | F15: =IF(A15="","",SUMIF('Scope Estimate Detail'!$D$5:$D$23,A15,'Scope Estimate Detail'!$P$5:$P$23)) | G15: =IF(A15="","",SUMIF('Scope Estimate Detail'!$D$5:$D$23,A15,'Scope Estimate Detail'!$Q$5:$Q$23)) | H15: =IF(A15="","",SUMIF('Scope Estimate Detail'!$D$5:$D$23,A15,'Scope Estimate Detail'!$R$5:$R$23))
A16: Aquatic / Pool Package | B16: =IF(A16="","",SUMIF('Scope Estimate Detail'!$D$5:$D$23,A16,'Scope Estimate Detail'!$K$5:$K$23)) | C16: =IF(A16="","",SUMIF('Scope Estimate Detail'!$D$5:$D$23,A16,'Scope Estimate Detail'!$L$5:$L$23)) | D16: =IF(A16="","",SUMIF('Scope Estimate Detail'!$D$5:$D$23,A16,'Scope Estimate Detail'!$M$5:$M$23)) | E16: =IF(A16="","",SUMIF('Scope Estimate Detail'!$D$5:$D$23,A16,'Scope Estimate Detail'!$O$5:$O$23)) | F16: =IF(A16="","",SUMIF('Scope Estimate Detail'!$D$5:$D$23,A16,'Scope Estimate Detail'!$P$5:$P$23)) | G16: =IF(A16="","",SUMIF('Scope Estimate Detail'!$D$5:$D$23,A16,'Scope Estimate Detail'!$Q$5:$Q$23)) | H16: =IF(A16="","",SUMIF('Scope Estimate Detail'!$D$5:$D$23,A16,'Scope Estimate Detail'!$R$5:$R$23))
A17: Fire Suppression | B17: =IF(A17="","",SUMIF('Scope Estimate Detail'!$D$5:$D$23,A17,'Scope Estimate Detail'!$K$5:$K$23)) | C17: =IF(A17="","",SUMIF('Scope Estimate Detail'!$D$5:$D$23,A17,'Scope Estimate Detail'!$L$5:$L$23)) | D17: =IF(A17="","",SUMIF('Scope Estimate Detail'!$D$5:$D$23,A17,'Scope Estimate Detail'!$M$5:$M$23)) | E17: =IF(A17="","",SUMIF('Scope Estimate Detail'!$D$5:$D$23,A17,'Scope Estimate Detail'!$O$5:$O$23)) | F17: =IF(A17="","",SUMIF('Scope Estimate Detail'!$D$5:$D$23,A17,'Scope Estimate Detail'!$P$5:$P$23)) | G17: =IF(A17="","",SUMIF('Scope Estimate Detail'!$D$5:$D$23,A17,'Scope Estimate Detail'!$Q$5:$Q$23)) | H17: =IF(A17="","",SUMIF('Scope Estimate Detail'!$D$5:$D$23,A17,'Scope Estimate Detail'!$R$5:$R$23))
A18: Plumbing | B18: =IF(A18="","",SUMIF('Scope Estimate Detail'!$D$5:$D$23,A18,'Scope Estimate Detail'!$K$5:$K$23)) | C18: =IF(A18="","",SUMIF('Scope Estimate Detail'!$D$5:$D$23,A18,'Scope Estimate Detail'!$L$5:$L$23)) | D18: =IF(A18="","",SUMIF('Scope Estimate Detail'!$D$5:$D$23,A18,'Scope Estimate Detail'!$M$5:$M$23)) | E18: =IF(A18="","",SUMIF('Scope Estimate Detail'!$D$5:$D$23,A18,'Scope Estimate Detail'!$O$5:$O$23)) | F18: =IF(A18="","",SUMIF('Scope Estimate Detail'!$D$5:$D$23,A18,'Scope Estimate Detail'!$P$5:$P$23)) | G18: =IF(A18="","",SUMIF('Scope Estimate Detail'!$D$5:$D$23,A18,'Scope Estimate Detail'!$Q$5:$Q$23)) | H18: =IF(A18="","",SUMIF('Scope Estimate Detail'!$D$5:$D$23,A18,'Scope Estimate Detail'!$R$5:$R$23))
... A20: Electrical | B20: =IF(A20="","",SUMIF('Scope Estimate Detail'!$D$5:$D$23,A20,'Scope Estimate Detail'!$K$5:$K$23)) | C20: =IF(A20="","",SUMIF('Scope Estimate Detail'!$D$5:$D$23,A20,'Scope Estimate Detail'!$L$5:$L$23)) | D20: =IF(A20="","",SUMIF('Scope Estimate Detail'!$D$5:$D$23,A20,'Scope Estimate Detail'!$M$5:$M$23)) | E20: =IF(A20="","",SUMIF('Scope Estimate Detail'!$D$5:$D$23,A20,'Scope Estimate Detail'!$O$5:$O$23)) | F20: =IF(A20="","",SUMIF('Scope Estimate Detail'!$D$5:$D$23,A20,'Scope Estimate Detail'!$P$5:$P$23)) | G20: =IF(A20="","",SUMIF('Scope Estimate Detail'!$D$5:$D$23,A20,'Scope Estimate Detail'!$Q$5:$Q$23)) | H20: =IF(A20="","",SUMIF('Scope Estimate Detail'!$D$5:$D$23,A20,'Scope Estimate Detail'!$R$5:$R$23))
A21: FINAL CONSTRUCTION CONTRACT | B21: =SUM(B6:B20) | C21: =SUM(C6:C20) | D21: =SUM(D6:D20) | E21: =SUM(E6:E20) | F21: =SUM(F6:F20) | G21: =SUM(G6:G20) | H21: =SUM(H6:H20) | I21: =IF(H21=0,0,1)
A23: Pricing includes material tax, 15% overhead & profit, and 5% contingency. Owner material selections are carried up to 105% of the stated material allowance; the 5% selection allowance is included within contingency.

Sheet Scope Estimate
A1: COMMERCIAL TI - SWIM SCHOOL - CLIENT BID SCOPE & PRICING
A2: Contract summary and major-category pricing. Detailed line items are carried in Scope Estimate Detail.
A4: CONTRACT SUMMARY
A5: Major Category | B5: Before Contingency | C5: Contingency | D5: Contract Amount
A6: General Conditions | B6: =IF(A6="","",SUMIF('Scope Estimate Detail'!$B$5:$B$23,A6,'Scope Estimate Detail'!$P$5:$P$23)) | C6: =IF(A6="","",SUMIF('Scope Estimate Detail'!$B$5:$B$23,A6,'Scope Estimate Detail'!$Q$5:$Q$23)) | D6: =IF(A6="","",SUMIF('Scope Estimate Detail'!$B$5:$B$23,A6,'Scope Estimate Detail'!$R$5:$R$23))
A7: Architectural / Structural | B7: =IF(A7="","",SUMIF('Scope Estimate Detail'!$B$5:$B$23,A7,'Scope Estimate Detail'!$P$5:$P$23)) | C7: =IF(A7="","",SUMIF('Scope Estimate Detail'!$B$5:$B$23,A7,'Scope Estimate Detail'!$Q$5:$Q$23)) | D7: =IF(A7="","",SUMIF('Scope Estimate Detail'!$B$5:$B$23,A7,'Scope Estimate Detail'!$R$5:$R$23))
A8: Finishes | B8: =IF(A8="","",SUMIF('Scope Estimate Detail'!$B$5:$B$23,A8,'Scope Estimate Detail'!$P$5:$P$23)) | C8: =IF(A8="","",SUMIF('Scope Estimate Detail'!$B$5:$B$23,A8,'Scope Estimate Detail'!$Q$5:$Q$23)) | D8: =IF(A8="","",SUMIF('Scope Estimate Detail'!$B$5:$B$23,A8,'Scope Estimate Detail'!$R$5:$R$23))
A9: Equipment & Millwork | B9: =IF(A9="","",SUMIF('Scope Estimate Detail'!$B$5:$B$23,A9,'Scope Estimate Detail'!$P$5:$P$23)) | C9: =IF(A9="","",SUMIF('Scope Estimate Detail'!$B$5:$B$23,A9,'Scope Estimate Detail'!$Q$5:$Q$23)) | D9: =IF(A9="","",SUMIF('Scope Estimate Detail'!$B$5:$B$23,A9,'Scope Estimate Detail'!$R$5:$R$23))
A10: Aquatic / Pool | B10: =IF(A10="","",SUMIF('Scope Estimate Detail'!$B$5:$B$23,A10,'Scope Estimate Detail'!$P$5:$P$23)) | C10: =IF(A10="","",SUMIF('Scope Estimate Detail'!$B$5:$B$23,A10,'Scope Estimate Detail'!$Q$5:$Q$23)) | D10: =IF(A10="","",SUMIF('Scope Estimate Detail'!$B$5:$B$23,A10,'Scope Estimate Detail'!$R$5:$R$23))
A11: Fire Protection | B11: =IF(A11="","",SUMIF('Scope Estimate Detail'!$B$5:$B$23,A11,'Scope Estimate Detail'!$P$5:$P$23)) | C11: =IF(A11="","",SUMIF('Scope Estimate Detail'!$B$5:$B$23,A11,'Scope Estimate Detail'!$Q$5:$Q$23)) | D11: =IF(A11="","",SUMIF('Scope Estimate Detail'!$B$5:$B$23,A11,'Scope Estimate Detail'!$R$5:$R$23))
A12: Plumbing | B12: =IF(A12="","",SUMIF('Scope Estimate Detail'!$B$5:$B$23,A12,'Scope Estimate Detail'!$P$5:$P$23)) | C12: =IF(A12="","",SUMIF('Scope Estimate Detail'!$B$5:$B$23,A12,'Scope Estimate Detail'!$Q$5:$Q$23)) | D12: =IF(A12="","",SUMIF('Scope Estimate Detail'!$B$5:$B$23,A12,'Scope Estimate Detail'!$R$5:$R$23))
A13: HVAC | B13: =IF(A13="","",SUMIF('Scope Estimate Detail'!$B$5:$B$23,A13,'Scope Estimate Detail'!$P$5:$P$23)) | C13: =IF(A13="","",SUMIF('Scope Estimate Detail'!$B$5:$B$23,A13,'Scope Estimate Detail'!$Q$5:$Q$23)) | D13: =IF(A13="","",SUMIF('Scope Estimate Detail'!$B$5:$B$23,A13,'Scope Estimate Detail'!$R$5:$R$23))
A14: Electrical & Low Voltage | B14: =IF(A14="","",SUMIF('Scope Estimate Detail'!$B$5:$B$23,A14,'Scope Estimate Detail'!$P$5:$P$23)) | C14: =IF(A14="","",SUMIF('Scope Estimate Detail'!$B$5:$B$23,A14,'Scope Estimate Detail'!$Q$5:$Q$23)) | D14: =IF(A14="","",SUMIF('Scope Estimate Detail'!$B$5:$B$23,A14,'Scope Estimate Detail'!$R$5:$R$23))
A15: FINAL CONTRACT TOTAL | B15: =SUM(B6:B14) | C15: =SUM(C6:C14) | D15: =SUM(D6:D14)
A17: MAJOR CATEGORY / TRADE SUMMARY
A18: Scope Group | B18: Trade | C18: Scope Included | D18: Labor Cost | E18: Material Cost | F18: Material Tax | G18: OH&P | H18: Before Contingency | I18: Contingency | J18: Contract Amount | K18: % of Contract | L18: Max Owner Material Price (+5%)
A19: General Conditions | B19: General Requirements | C19: Project general conditions, permits/agency fees, gas utility allowance, TDLR/RAS review and special inspections/testing | D19: =IF(A19="","",IF(B19="","",SUMIFS('Scope Estimate Detail'!$K$5:$K$23,'Scope Estimate Detail'!$B$5:$B$23,A19,'Scope Estimate Detail'!$D$5:$D$23,B19))) | E19: =IF(A19="","",IF(B19="","",SUMIFS('Scope Estimate Detail'!$L$5:$L$23,'Scope Estimate Detail'!$B$5:$B$23,A19,'Scope Estimate Detail'!$D$5:$D$23,B19))) | F19: =IF(A19="","",IF(B19="","",SUMIFS('Scope Estimate Detail'!$M$5:$M$23,'Scope Estimate Detail'!$B$5:$B$23,A19,'Scope Estimate Detail'!$D$5:$D$23,B19))) | G19: =IF(A19="","",IF(B19="","",SUMIFS('Scope Estimate Detail'!$O$5:$O$23,'Scope Estimate Detail'!$B$5:$B$23,A19,'Scope Estimate Detail'!$D$5:$D$23,B19))) | H19: =IF(A19="","",IF(B19="","",SUMIFS('Scope Estimate Detail'!$P$5:$P$23,'Scope Estimate Detail'!$B$5:$B$23,A19,'Scope Estimate Detail'!$D$5:$D$23,B19))) | I19: =IF(A19="","",IF(B19="","",SUMIFS('Scope Estimate Detail'!$Q$5:$Q$23,'Scope Estimate Detail'!$B$5:$B$23,A19,'Scope Estimate Detail'!$D$5:$D$23,B19))) | J19: =IF(A19="","",IF(B19="","",SUMIFS('Scope Estimate Detail'!$R$5:$R$23,'Scope Estimate Detail'!$B$5:$B$23,A19,'Scope Estimate Detail'!$D$5:$D$23,B19))) | K19: =IF(J19="","",IF($J$34=0,0,J19/$J$34)) | L19: =IF(E19="","",E19*1.05)
A20: Architectural / Structural | B20: Demolition & Existing Conditions | C20: Complete Division 02 existing conditions and demolition scope | D20: =IF(A20="","",IF(B20="","",SUMIFS('Scope Estimate Detail'!$K$5:$K$23,'Scope Estimate Detail'!$B$5:$B$23,A20,'Scope Estimate Detail'!$D$5:$D$23,B20))) | E20: =IF(A20="","",IF(B20="","",SUMIFS('Scope Estimate Detail'!$L$5:$L$23,'Scope Estimate Detail'!$B$5:$B$23,A20,'Scope Estimate Detail'!$D$5:$D$23,B20))) | F20: =IF(A20="","",IF(B20="","",SUMIFS('Scope Estimate Detail'!$M$5:$M$23,'Scope Estimate Detail'!$B$5:$B$23,A20,'Scope Estimate Detail'!$D$5:$D$23,B20))) | G20: =IF(A20="","",IF(B20="","",SUMIFS('Scope Estimate Detail'!$O$5:$O$23,'Scope Estimate Detail'!$B$5:$B$23,A20,'Scope Estimate Detail'!$D$5:$D$23,B20))) | H20: =IF(A20="","",IF(B20="","",SUMIFS('Scope Estimate Detail'!$P$5:$P$23,'Scope Estimate Detail'!$B$5:$B$23,A20,'Scope Estimate Detail'!$D$5:$D$23,B20))) | I20: =IF(A20="","",IF(B20="","",SUMIFS('Scope Estimate Detail'!$Q$5:$Q$23,'Scope Estimate Detail'!$B$5:$B$23,A20,'Scope Estimate Detail'!$D$5:$D$23,B20))) | J20: =IF(A20="","",IF(B20="","",SUMIFS('Scope Estimate Detail'!$R$5:$R$23,'Scope Estimate Detail'!$B$5:$B$23,A20,'Scope Estimate Detail'!$D$5:$D$23,B20))) | K20: =IF(J20="","",IF($J$34=0,0,J20/$J$34)) | L20: =IF(E20="","",E20*1.05)
A21: Architectural / Structural | B21: Concrete | C21: Complete Division 03 non-pool concrete scope | D21: =IF(A21="","",IF(B21="","",SUMIFS('Scope Estimate Detail'!$K$5:$K$23,'Scope Estimate Detail'!$B$5:$B$23,A21,'Scope Estimate Detail'!$D$5:$D$23,B21))) | E21: =IF(A21="","",IF(B21="","",SUMIFS('Scope Estimate Detail'!$L$5:$L$23,'Scope Estimate Detail'!$B$5:$B$23,A21,'Scope Estimate Detail'!$D$5:$D$23,B21))) | F21: =IF(A21="","",IF(B21="","",SUMIFS('Scope Estimate Detail'!$M$5:$M$23,'Scope Estimate Detail'!$B$5:$B$23,A21,'Scope Estimate Detail'!$D$5:$D$23,B21))) | G21: =IF(A21="","",IF(B21="","",SUMIFS('Scope Estimate Detail'!$O$5:$O$23,'Scope Estimate Detail'!$B$5:$B$23,A21,'Scope Estimate Detail'!$D$5:$D$23,B21))) | H21: =IF(A21="","",IF(B21="","",SUMIFS('Scope Estimate Detail'!$P$5:$P$23,'Scope Estimate Detail'!$B$5:$B$23,A21,'Scope Estimate Detail'!$D$5:$D$23,B21))) | I21: =IF(A21="","",IF(B21="","",SUMIFS('Scope Estimate Detail'!$Q$5:$Q$23,'Scope Estimate Detail'!$B$5:$B$23,A21,'Scope Estimate Detail'!$D$5:$D$23,B21))) | J21: =IF(A21="","",IF(B21="","",SUMIFS('Scope Estimate Detail'!$R$5:$R$23,'Scope Estimate Detail'!$B$5:$B$23,A21,'Scope Estimate Detail'!$D$5:$D$23,B21))) | K21: =IF(J21="","",IF($J$34=0,0,J21/$J$34)) | L21: =IF(E21="","",E21*1.05)
A22: Architectural / Structural | B22: Structural & Misc Metals | C22: Complete Division 05 structural and miscellaneous metals scope | D22: =IF(A22="","",IF(B22="","",SUMIFS('Scope Estimate Detail'!$K$5:$K$23,'Scope Estimate Detail'!$B$5:$B$23,A22,'Scope Estimate Detail'!$D$5:$D$23,B22))) | E22: =IF(A22="","",IF(B22="","",SUMIFS('Scope Estimate Detail'!$L$5:$L$23,'Scope Estimate Detail'!$B$5:$B$23,A22,'Scope Estimate Detail'!$D$5:$D$23,B22))) | F22: =IF(A22="","",IF(B22="","",SUMIFS('Scope Estimate Detail'!$M$5:$M$23,'Scope Estimate Detail'!$B$5:$B$23,A22,'Scope Estimate Detail'!$D$5:$D$23,B22))) | G22: =IF(A22="","",IF(B22="","",SUMIFS('Scope Estimate Detail'!$O$5:$O$23,'Scope Estimate Detail'!$B$5:$B$23,A22,'Scope Estimate Detail'!$D$5:$D$23,B22))) | H22: =IF(A22="","",IF(B22="","",SUMIFS('Scope Estimate Detail'!$P$5:$P$23,'Scope Estimate Detail'!$B$5:$B$23,A22,'Scope Estimate Detail'!$D$5:$D$23,B22))) | I22: =IF(A22="","",IF(B22="","",SUMIFS('Scope Estimate Detail'!$Q$5:$Q$23,'Scope Estimate Detail'!$B$5:$B$23,A22,'Scope Estimate Detail'!$D$5:$D$23,B22))) | J22: =IF(A22="","",IF(B22="","",SUMIFS('Scope Estimate Detail'!$R$5:$R$23,'Scope Estimate Detail'!$B$5:$B$23,A22,'Scope Estimate Detail'!$D$5:$D$23,B22))) | K22: =IF(J22="","",IF($J$34=0,0,J22/$J$34)) | L22: =IF(E22="","",E22*1.05)
A23: Equipment & Millwork | B23: Millwork & Carpentry | C23: Complete Division 06 millwork and carpentry scope | D23: =IF(A23="","",IF(B23="","",SUMIFS('Scope Estimate Detail'!$K$5:$K$23,'Scope Estimate Detail'!$B$5:$B$23,A23,'Scope Estimate Detail'!$D$5:$D$23,B23))) | E23: =IF(A23="","",IF(B23="","",SUMIFS('Scope Estimate Detail'!$L$5:$L$23,'Scope Estimate Detail'!$B$5:$B$23,A23,'Scope Estimate Detail'!$D$5:$D$23,B23))) | F23: =IF(A23="","",IF(B23="","",SUMIFS('Scope Estimate Detail'!$M$5:$M$23,'Scope Estimate Detail'!$B$5:$B$23,A23,'Scope Estimate Detail'!$D$5:$D$23,B23))) | G23: =IF(A23="","",IF(B23="","",SUMIFS('Scope Estimate Detail'!$O$5:$O$23,'Scope Estimate Detail'!$B$5:$B$23,A23,'Scope Estimate Detail'!$D$5:$D$23,B23))) | H23: =IF(A23="","",IF(B23="","",SUMIFS('Scope Estimate Detail'!$P$5:$P$23,'Scope Estimate Detail'!$B$5:$B$23,A23,'Scope Estimate Detail'!$D$5:$D$23,B23))) | I23: =IF(A23="","",IF(B23="","",SUMIFS('Scope Estimate Detail'!$Q$5:$Q$23,'Scope Estimate Detail'!$B$5:$B$23,A23,'Scope Estimate Detail'!$D$5:$D$23,B23))) | J23: =IF(A23="","",IF(B23="","",SUMIFS('Scope Estimate Detail'!$R$5:$R$23,'Scope Estimate Detail'!$B$5:$B$23,A23,'Scope Estimate Detail'!$D$5:$D$23,B23))) | K23: =IF(J23="","",IF($J$34=0,0,J23/$J$34)) | L23: =IF(E23="","",E23*1.05)
A24: Architectural / Structural | B24: Thermal / Waterproofing / Firestop | C24: Complete Division 07 thermal, moisture protection and firestopping scope | D24: =IF(A24="","",IF(B24="","",SUMIFS('Scope Estimate Detail'!$K$5:$K$23,'Scope Estimate Detail'!$B$5:$B$23,A24,'Scope Estimate Detail'!$D$5:$D$23,B24))) | E24: =IF(A24="","",IF(B24="","",SUMIFS('Scope Estimate Detail'!$L$5:$L$23,'Scope Estimate Detail'!$B$5:$B$23,A24,'Scope Estimate Detail'!$D$5:$D$23,B24))) | F24: =IF(A24="","",IF(B24="","",SUMIFS('Scope Estimate Detail'!$M$5:$M$23,'Scope Estimate Detail'!$B$5:$B$23,A24,'Scope Estimate Detail'!$D$5:$D$23,B24))) | G24: =IF(A24="","",IF(B24="","",SUMIFS('Scope Estimate Detail'!$O$5:$O$23,'Scope Estimate Detail'!$B$5:$B$23,A24,'Scope Estimate Detail'!$D$5:$D$23,B24))) | H24: =IF(A24="","",IF(B24="","",SUMIFS('Scope Estimate Detail'!$P$5:$P$23,'Scope Estimate Detail'!$B$5:$B$23,A24,'Scope Estimate Detail'!$D$5:$D$23,B24))) | I24: =IF(A24="","",IF(B24="","",SUMIFS('Scope Estimate Detail'!$Q$5:$Q$23,'Scope Estimate Detail'!$B$5:$B$23,A24,'Scope Estimate Detail'!$D$5:$D$23,B24))) | J24: =IF(A24="","",IF(B24="","",SUMIFS('Scope Estimate Detail'!$R$5:$R$23,'Scope Estimate Detail'!$B$5:$B$23,A24,'Scope Estimate Detail'!$D$5:$D$23,B24))) | K24: =IF(J24="","",IF($J$34=0,0,J24/$J$34)) | L24: =IF(E24="","",E24*1.05)
A25: Architectural / Structural | B25: Openings | C25: Complete Division 08 openings scope | D25: =IF(A25="","",IF(B25="","",SUMIFS('Scope Estimate Detail'!$K$5:$K$23,'Scope Estimate Detail'!$B$5:$B$23,A25,'Scope Estimate Detail'!$D$5:$D$23,B25))) | E25: =IF(A25="","",IF(B25="","",SUMIFS('Scope Estimate Detail'!$L$5:$L$23,'Scope Estimate Detail'!$B$5:$B$23,A25,'Scope Estimate Detail'!$D$5:$D$23,B25))) | F25: =IF(A25="","",IF(B25="","",SUMIFS('Scope Estimate Detail'!$M$5:$M$23,'Scope Estimate Detail'!$B$5:$B$23,A25,'Scope Estimate Detail'!$D$5:$D$23,B25))) | G25: =IF(A25="","",IF(B25="","",SUMIFS('Scope Estimate Detail'!$O$5:$O$23,'Scope Estimate Detail'!$B$5:$B$23,A25,'Scope Estimate Detail'!$D$5:$D$23,B25))) | H25: =IF(A25="","",IF(B25="","",SUMIFS('Scope Estimate Detail'!$P$5:$P$23,'Scope Estimate Detail'!$B$5:$B$23,A25,'Scope Estimate Detail'!$D$5:$D$23,B25))) | I25: =IF(A25="","",IF(B25="","",SUMIFS('Scope Estimate Detail'!$Q$5:$Q$23,'Scope Estimate Detail'!$B$5:$B$23,A25,'Scope Estimate Detail'!$D$5:$D$23,B25))) | J25: =IF(A25="","",IF(B25="","",SUMIFS('Scope Estimate Detail'!$R$5:$R$23,'Scope Estimate Detail'!$B$5:$B$23,A25,'Scope Estimate Detail'!$D$5:$D$23,B25))) | K25: =IF(J25="","",IF($J$34=0,0,J25/$J$34)) | L25: =IF(E25="","",E25*1.05)
A26: Finishes | B26: Finishes | C26: Complete Division 09 finishes scope | D26: =IF(A26="","",IF(B26="","",SUMIFS('Scope Estimate Detail'!$K$5:$K$23,'Scope Estimate Detail'!$B$5:$B$23,A26,'Scope Estimate Detail'!$D$5:$D$23,B26))) | E26: =IF(A26="","",IF(B26="","",SUMIFS('Scope Estimate Detail'!$L$5:$L$23,'Scope Estimate Detail'!$B$5:$B$23,A26,'Scope Estimate Detail'!$D$5:$D$23,B26))) | F26: =IF(A26="","",IF(B26="","",SUMIFS('Scope Estimate Detail'!$M$5:$M$23,'Scope Estimate Detail'!$B$5:$B$23,A26,'Scope Estimate Detail'!$D$5:$D$23,B26))) | G26: =IF(A26="","",IF(B26="","",SUMIFS('Scope Estimate Detail'!$O$5:$O$23,'Scope Estimate Detail'!$B$5:$B$23,A26,'Scope Estimate Detail'!$D$5:$D$23,B26))) | H26: =IF(A26="","",IF(B26="","",SUMIFS('Scope Estimate Detail'!$P$5:$P$23,'Scope Estimate Detail'!$B$5:$B$23,A26,'Scope Estimate Detail'!$D$5:$D$23,B26))) | I26: =IF(A26="","",IF(B26="","",SUMIFS('Scope Estimate Detail'!$Q$5:$Q$23,'Scope Estimate Detail'!$B$5:$B$23,A26,'Scope Estimate Detail'!$D$5:$D$23,B26))) | J26: =IF(A26="","",IF(B26="","",SUMIFS('Scope Estimate Detail'!$R$5:$R$23,'Scope Estimate Detail'!$B$5:$B$23,A26,'Scope Estimate Detail'!$D$5:$D$23,B26))) | K26: =IF(J26="","",IF($J$34=0,0,J26/$J$34)) | L26: =IF(E26="","",E26*1.05)
A27: Finishes | B27: Specialties | C27: Complete Division 10 specialties scope | D27: =IF(A27="","",IF(B27="","",SUMIFS('Scope Estimate Detail'!$K$5:$K$23,'Scope Estimate Detail'!$B$5:$B$23,A27,'Scope Estimate Detail'!$D$5:$D$23,B27))) | E27: =IF(A27="","",IF(B27="","",SUMIFS('Scope Estimate Detail'!$L$5:$L$23,'Scope Estimate Detail'!$B$5:$B$23,A27,'Scope Estimate Detail'!$D$5:$D$23,B27))) | F27: =IF(A27="","",IF(B27="","",SUMIFS('Scope Estimate Detail'!$M$5:$M$23,'Scope Estimate Detail'!$B$5:$B$23,A27,'Scope Estimate Detail'!$D$5:$D$23,B27))) | G27: =IF(A27="","",IF(B27="","",SUMIFS('Scope Estimate Detail'!$O$5:$O$23,'Scope Estimate Detail'!$B$5:$B$23,A27,'Scope Estimate Detail'!$D$5:$D$23,B27))) | H27: =IF(A27="","",IF(B27="","",SUMIFS('Scope Estimate Detail'!$P$5:$P$23,'Scope Estimate Detail'!$B$5:$B$23,A27,'Scope Estimate Detail'!$D$5:$D$23,B27))) | I27: =IF(A27="","",IF(B27="","",SUMIFS('Scope Estimate Detail'!$Q$5:$Q$23,'Scope Estimate Detail'!$B$5:$B$23,A27,'Scope Estimate Detail'!$D$5:$D$23,B27))) | J27: =IF(A27="","",IF(B27="","",SUMIFS('Scope Estimate Detail'!$R$5:$R$23,'Scope Estimate Detail'!$B$5:$B$23,A27,'Scope Estimate Detail'!$D$5:$D$23,B27))) | K27: =IF(J27="","",IF($J$34=0,0,J27/$J$34)) | L27: =IF(E27="","",E27*1.05)
A28: Equipment & Millwork | B28: Equipment & Furnishings | C28: Complete Division 11/12 GC-scope equipment and furnishings scope | D28: =IF(A28="","",IF(B28="","",SUMIFS('Scope Estimate Detail'!$K$5:$K$23,'Scope Estimate Detail'!$B$5:$B$23,A28,'Scope Estimate Detail'!$D$5:$D$23,B28))) | E28: =IF(A28="","",IF(B28="","",SUMIFS('Scope Estimate Detail'!$L$5:$L$23,'Scope Estimate Detail'!$B$5:$B$23,A28,'Scope Estimate Detail'!$D$5:$D$23,B28))) | F28: =IF(A28="","",IF(B28="","",SUMIFS('Scope Estimate Detail'!$M$5:$M$23,'Scope Estimate Detail'!$B$5:$B$23,A28,'Scope Estimate Detail'!$D$5:$D$23,B28))) | G28: =IF(A28="","",IF(B28="","",SUMIFS('Scope Estimate Detail'!$O$5:$O$23,'Scope Estimate Detail'!$B$5:$B$23,A28,'Scope Estimate Detail'!$D$5:$D$23,B28))) | H28: =IF(A28="","",IF(B28="","",SUMIFS('Scope Estimate Detail'!$P$5:$P$23,'Scope Estimate Detail'!$B$5:$B$23,A28,'Scope Estimate Detail'!$D$5:$D$23,B28))) | I28: =IF(A28="","",IF(B28="","",SUMIFS('Scope Estimate Detail'!$Q$5:$Q$23,'Scope Estimate Detail'!$B$5:$B$23,A28,'Scope Estimate Detail'!$D$5:$D$23,B28))) | J28: =IF(A28="","",IF(B28="","",SUMIFS('Scope Estimate Detail'!$R$5:$R$23,'Scope Estimate Detail'!$B$5:$B$23,A28,'Scope Estimate Detail'!$D$5:$D$23,B28))) | K28: =IF(J28="","",IF($J$34=0,0,J28/$J$34)) | L28: =IF(E28="","",E28*1.05)
A29: Aquatic / Pool | B29: Aquatic / Pool Package | C29: Complete Division 13 aquatic / swimming pool package | D29: =IF(A29="","",IF(B29="","",SUMIFS('Scope Estimate Detail'!$K$5:$K$23,'Scope Estimate Detail'!$B$5:$B$23,A29,'Scope Estimate Detail'!$D$5:$D$23,B29))) | E29: =IF(A29="","",IF(B29="","",SUMIFS('Scope Estimate Detail'!$L$5:$L$23,'Scope Estimate Detail'!$B$5:$B$23,A29,'Scope Estimate Detail'!$D$5:$D$23,B29))) | F29: =IF(A29="","",IF(B29="","",SUMIFS('Scope Estimate Detail'!$M$5:$M$23,'Scope Estimate Detail'!$B$5:$B$23,A29,'Scope Estimate Detail'!$D$5:$D$23,B29))) | G29: =IF(A29="","",IF(B29="","",SUMIFS('Scope Estimate Detail'!$O$5:$O$23,'Scope Estimate Detail'!$B$5:$B$23,A29,'Scope Estimate Detail'!$D$5:$D$23,B29))) | H29: =IF(A29="","",IF(B29="","",SUMIFS('Scope Estimate Detail'!$P$5:$P$23,'Scope Estimate Detail'!$B$5:$B$23,A29,'Scope Estimate Detail'!$D$5:$D$23,B29))) | I29: =IF(A29="","",IF(B29="","",SUMIFS('Scope Estimate Detail'!$Q$5:$Q$23,'Scope Estimate Detail'!$B$5:$B$23,A29,'Scope Estimate Detail'!$D$5:$D$23,B29))) | J29: =IF(A29="","",IF(B29="","",SUMIFS('Scope Estimate Detail'!$R$5:$R$23,'Scope Estimate Detail'!$B$5:$B$23,A29,'Scope Estimate Detail'!$D$5:$D$23,B29))) | K29: =IF(J29="","",IF($J$34=0,0,J29/$J$34)) | L29: =IF(E29="","",E29*1.05)
A30: Fire Protection | B30: Fire Suppression | C30: Complete Division 21 fire-suppression modifications | D30: =IF(A30="","",IF(B30="","",SUMIFS('Scope Estimate Detail'!$K$5:$K$23,'Scope Estimate Detail'!$B$5:$B$23,A30,'Scope Estimate Detail'!$D$5:$D$23,B30))) | E30: =IF(A30="","",IF(B30="","",SUMIFS('Scope Estimate Detail'!$L$5:$L$23,'Scope Estimate Detail'!$B$5:$B$23,A30,'Scope Estimate Detail'!$D$5:$D$23,B30))) | F30: =IF(A30="","",IF(B30="","",SUMIFS('Scope Estimate Detail'!$M$5:$M$23,'Scope Estimate Detail'!$B$5:$B$23,A30,'Scope Estimate Detail'!$D$5:$D$23,B30))) | G30: =IF(A30="","",IF(B30="","",SUMIFS('Scope Estimate Detail'!$O$5:$O$23,'Scope Estimate Detail'!$B$5:$B$23,A30,'Scope Estimate Detail'!$D$5:$D$23,B30))) | H30: =IF(A30="","",IF(B30="","",SUMIFS('Scope Estimate Detail'!$P$5:$P$23,'Scope Estimate Detail'!$B$5:$B$23,A30,'Scope Estimate Detail'!$D$5:$D$23,B30))) | I30: =IF(A30="","",IF(B30="","",SUMIFS('Scope Estimate Detail'!$Q$5:$Q$23,'Scope Estimate Detail'!$B$5:$B$23,A30,'Scope Estimate Detail'!$D$5:$D$23,B30))) | J30: =IF(A30="","",IF(B30="","",SUMIFS('Scope Estimate Detail'!$R$5:$R$23,'Scope Estimate Detail'!$B$5:$B$23,A30,'Scope Estimate Detail'!$D$5:$D$23,B30))) | K30: =IF(J30="","",IF($J$34=0,0,J30/$J$34)) | L30: =IF(E30="","",E30*1.05)
... A33: Electrical & Low Voltage | B33: Electrical | C33: Complete Division 26 electrical package | D33: =IF(A33="","",IF(B33="","",SUMIFS('Scope Estimate Detail'!$K$5:$K$23,'Scope Estimate Detail'!$B$5:$B$23,A33,'Scope Estimate Detail'!$D$5:$D$23,B33))) | E33: =IF(A33="","",IF(B33="","",SUMIFS('Scope Estimate Detail'!$L$5:$L$23,'Scope Estimate Detail'!$B$5:$B$23,A33,'Scope Estimate Detail'!$D$5:$D$23,B33))) | F33: =IF(A33="","",IF(B33="","",SUMIFS('Scope Estimate Detail'!$M$5:$M$23,'Scope Estimate Detail'!$B$5:$B$23,A33,'Scope Estimate Detail'!$D$5:$D$23,B33))) | G33: =IF(A33="","",IF(B33="","",SUMIFS('Scope Estimate Detail'!$O$5:$O$23,'Scope Estimate Detail'!$B$5:$B$23,A33,'Scope Estimate Detail'!$D$5:$D$23,B33))) | H33: =IF(A33="","",IF(B33="","",SUMIFS('Scope Estimate Detail'!$P$5:$P$23,'Scope Estimate Detail'!$B$5:$B$23,A33,'Scope Estimate Detail'!$D$5:$D$23,B33))) | I33: =IF(A33="","",IF(B33="","",SUMIFS('Scope Estimate Detail'!$Q$5:$Q$23,'Scope Estimate Detail'!$B$5:$B$23,A33,'Scope Estimate Detail'!$D$5:$D$23,B33))) | J33: =IF(A33="","",IF(B33="","",SUMIFS('Scope Estimate Detail'!$R$5:$R$23,'Scope Estimate Detail'!$B$5:$B$23,A33,'Scope Estimate Detail'!$D$5:$D$23,B33))) | K33: =IF(J33="","",IF($J$34=0,0,J33/$J$34)) | L33: =IF(E33="","",E33*1.05)
A34: FINAL CONSTRUCTION CONTRACT | J34: =SUM(J19:J33) | K34: =IF(J34=0,0,1) | L34: =SUM(L19:L33)
A36: Material selection allowance is informational. It does not increase the contract amount and is covered by the project contingency.

Sheet Scope Estimate Detail
A1: COMMERCIAL TI - SWIM SCHOOL - SCOPE ESTIMATE DETAIL
A2: Detailed priced scope. Unit rates are matched to the master pricing library or supported project-specific quotes.
A4: Line | B4: Scope Group | C4: CSI / Drawing Ref | D4: Trade | E4: Description | F4: Quantity Basis / Takeoff Ref | G4: Qty | H4: Unit | I4: Labor Unit | J4: Material Unit | K4: Labor Cost | L4: Material Cost | M4: Material Tax | N4: Direct Cost | O4: OH&P | P4: Before Contingency | Q4: Contingency | R4: Final Budget | S4: Max Owner Material Price (+5%) | T4: Source / Note
A5: =IF(E5="","",ROW()-4) | B5: General Conditions | C5: DIV-01 | D5: General Requirements | E5: Project general conditions, supervision, temporary facilities, protection, dumpsters, lifts, cleaning and coordination | F5: Swim school GC estimate | 24-week assumed schedule | G5: 1 | H5: LS | I5: 159376 | J5: 0 | K5: =IF(G5="","",G5*I5) | L5: =IF(G5="","",G5*J5) | M5: =IF(G5="","",L5*8.3%) | N5: =IF(G5="","",K5+L5+M5) | O5: =IF(G5="","",N5*15%) | P5: =IF(G5="","",N5+O5) | Q5: =IF(G5="","",P5*5%) | R5: =IF(G5="","",P5+Q5) | S5: =IF(G5="","",L5*1.05)
A6: =IF(E6="","",ROW()-4) | B6: General Conditions | C6: DIV-01 | D6: General Requirements | E6: Permits, plan review and agency fees allowance | F6: Swim school GC estimate | Municipal building + pool review + separate permits | G6: 1 | H6: LS | I6: 20000 | J6: 0 | K6: =IF(G6="","",G6*I6) | L6: =IF(G6="","",G6*J6) | M6: =IF(G6="","",L6*8.3%) | N6: =IF(G6="","",K6+L6+M6) | O6: =IF(G6="","",N6*15%) | P6: =IF(G6="","",N6+O6) | Q6: =IF(G6="","",P6*5%) | R6: =IF(G6="","",P6+Q6) | S6: =IF(G6="","",L6*1.05)
A7: =IF(E7="","",ROW()-4) | B7: General Conditions | C7: DIV-01 | D7: General Requirements | E7: Gas utility service / meter fee allowance | F7: Swim school GC estimate | 915.4 MBH new meter at 5 PSI | G7: 1 | H7: LS | I7: 12000 | J7: 0 | K7: =IF(G7="","",G7*I7) | L7: =IF(G7="","",G7*J7) | M7: =IF(G7="","",L7*8.3%) | N7: =IF(G7="","",K7+L7+M7) | O7: =IF(G7="","",N7*15%) | P7: =IF(G7="","",N7+O7) | Q7: =IF(G7="","",P7*5%) | R7: =IF(G7="","",P7+Q7) | S7: =IF(G7="","",L7*1.05)
A8: =IF(E8="","",ROW()-4) | B8: General Conditions | C8: DIV-01 | D8: General Requirements | E8: TDLR registration + RAS plan review and inspection allowance | F8: Swim school GC estimate | Texas accessibility review | G8: 1 | H8: LS | I8: 2500 | J8: 0 | K8: =IF(G8="","",G8*I8) | L8: =IF(G8="","",G8*J8) | M8: =IF(G8="","",L8*8.3%) | N8: =IF(G8="","",K8+L8+M8) | O8: =IF(G8="","",N8*15%) | P8: =IF(G8="","",N8+O8) | Q8: =IF(G8="","",P8*5%) | R8: =IF(G8="","",P8+Q8) | S8: =IF(G8="","",L8*1.05)
A9: =IF(E9="","",ROW()-4) | B9: General Conditions | C9: DIV-01 | D9: General Requirements | E9: Third-party special inspections and testing allowance | F9: Swim school GC estimate | structural, concrete and welding inspections | G9: 1 | H9: LS | I9: 14000 | J9: 0 | K9: =IF(G9="","",G9*I9) | L9: =IF(G9="","",G9*J9) | M9: =IF(G9="","",L9*8.3%) | N9: =IF(G9="","",K9+L9+M9) | O9: =IF(G9="","",N9*15%) | P9: =IF(G9="","",N9+O9) | Q9: =IF(G9="","",P9*5%) | R9: =IF(G9="","",P9+Q9) | S9: =IF(G9="","",L9*1.05)
A10: =IF(E10="","",ROW()-4) | B10: Architectural / Structural | C10: DIV-02 | D10: Demolition & Existing Conditions | E10: Complete Division 02 existing conditions / demolition package | F10: 1,050 SF pool slab removal; 380 LF plumbing trench sawcut; 265 CY pool excavation; haul-off, selective demo, test pits and adjacent-tenant protection | G10: 1 | H10: LS | I10: 55196.7 | J10: 15568.3 | K10: =IF(G10="","",G10*I10) | L10: =IF(G10="","",G10*J10) | M10: =IF(G10="","",L10*8.3%) | N10: =IF(G10="","",K10+L10+M10) | O10: =IF(G10="","",N10*15%) | P10: =IF(G10="","",N10+O10) | Q10: =IF(G10="","",P10*5%) | R10: =IF(G10="","",P10+Q10) | S10: =IF(G10="","",L10*1.05)
A11: =IF(E11="","",ROW()-4) | B11: Architectural / Structural | C11: DIV-03 | D11: Concrete | E11: Complete Division 03 non-pool concrete package | F11: 380 LF trench repair; 120 SF slab infill; 8 housekeeping pads; ADA lift slab; 130 LF trench drain encasement; termite treatment | G11: 1 | H11: LS | I11: 25717.6 | J11: 12102.4 | K11: =IF(G11="","",G11*I11) | L11: =IF(G11="","",G11*J11) | M11: =IF(G11="","",L11*8.3%) | N11: =IF(G11="","",K11+L11+M11) | O11: =IF(G11="","",N11*15%) | P11: =IF(G11="","",N11+O11) | Q11: =IF(G11="","",P11*5%) | R11: =IF(G11="","",P11+Q11) | S11: =IF(G11="","",L11*1.05)
A12: =IF(E12="","",ROW()-4) | B12: Architectural / Structural | C12: DIV-05 | D12: Structural & Misc Metals | E12: Complete Division 05 structural and miscellaneous metals package | F12: 1.9 tons new structural steel; temporary shoring; field welding; 4 rooftop-unit sleepers; misc equipment/pipe supports | G12: 1 | H12: LS | I12: 22247.5 | J12: 18202.5 | K12: =IF(G12="","",G12*I12) | L12: =IF(G12="","",G12*J12) | M12: =IF(G12="","",L12*8.3%) | N12: =IF(G12="","",K12+L12+M12) | O12: =IF(G12="","",N12*15%) | P12: =IF(G12="","",N12+O12) | Q12: =IF(G12="","",P12*5%) | R12: =IF(G12="","",P12+Q12) | S12: =IF(G12="","",L12*1.05)
A13: =IF(E13="","",ROW()-4) | B13: Equipment & Millwork | C13: DIV-06 | D13: Millwork & Carpentry | E13: Complete Division 06 millwork and carpentry package | F13: Reception pod, beverage station, retail casework/slatwall, blow-dry bar, baby-changing casework and backing/blocking | G13: 1 | H13: LS | I13: 25935 | J13: 40565 | K13: =IF(G13="","",G13*I13) | L13: =IF(G13="","",G13*J13) | M13: =IF(G13="","",L13*8.3%) | N13: =IF(G13="","",K13+L13+M13) | O13: =IF(G13="","",N13*15%) | P13: =IF(G13="","",N13+O13) | Q13: =IF(G13="","",P13*5%) | R13: =IF(G13="","",P13+Q13) | S13: =IF(G13="","",L13*1.05)
A14: =IF(E14="","",ROW()-4) | B14: Architectural / Structural | C14: DIV-07 | D14: Thermal / Waterproofing / Firestop | E14: Complete Division 07 thermal, moisture protection and firestopping package | F14: 11 roof penetrations; roof patch/warranty coordination; UL firestopping; 380 LF deck joints; 136 LF submerged joints; interior sealants | G14: 1 | H14: LS | I14: 18287 | J14: 18287 | K14: =IF(G14="","",G14*I14) | L14: =IF(G14="","",G14*J14) | M14: =IF(G14="","",L14*8.3%) | N14: =IF(G14="","",K14+L14+M14) | O14: =IF(G14="","",N14*15%) | P14: =IF(G14="","",N14+O14) | Q14: =IF(G14="","",P14*5%) | R14: =IF(G14="","",P14+Q14) | S14: =IF(G14="","",L14*1.05)
A15: =IF(E15="","",ROW()-4) | B15: Architectural / Structural | C15: DIV-08 | D15: Openings | E15: Complete Division 08 openings package | F15: 20 door assemblies; thresholds; 1 fixed interior window; approx. 250 SF butt-glazed viewing wall; shower/misc glazing | G15: 1 | H15: LS | I15: 25882.5 | J15: 63367.5 | K15: =IF(G15="","",G15*I15) | L15: =IF(G15="","",G15*J15) | M15: =IF(G15="","",L15*8.3%) | N15: =IF(G15="","",K15+L15+M15) | O15: =IF(G15="","",N15*15%) | P15: =IF(G15="","",N15+O15) | Q15: =IF(G15="","",P15*5%) | R15: =IF(G15="","",P15+Q15) | S15: =IF(G15="","",L15*1.05)
A16: =IF(E16="","",ROW()-4) | B16: Finishes | C16: DIV-09 | D16: Finishes | E16: Complete Division 09 finishes package | F16: 540 LF metal-stud partitions; GWB ceilings/soffits; ACT; rubber/carpet/LVT/tile flooring; wall tile/FRP/slatwall; interior and wet-area epoxy painting | G16: 1 | H16: LS | I16: 131082.9 | J16: 94922.1 | K16: =IF(G16="","",G16*I16) | L16: =IF(G16="","",G16*J16) | M16: =IF(G16="","",L16*8.3%) | N16: =IF(G16="","",K16+L16+M16) | O16: =IF(G16="","",N16*15%) | P16: =IF(G16="","",N16+O16) | Q16: =IF(G16="","",P16*5%) | R16: =IF(G16="","",P16+Q16) | S16: =IF(G16="","",L16*1.05)
... A23: =IF(E23="","",ROW()-4) | B23: Electrical & Low Voltage | C23: DIV-26 | D23: Electrical | E23: Complete Division 26 electrical package | F23: Existing service tap; Panels A/B/C; 75 kVA transformer; mechanical and pool equipment power; equipotential bonding; approx. 78 fixtures; controls; FA/low-voltage modifications; grounding | G23: 1 | H23: LS | I23: 108015.6 | J23: 149164.4 | K23: =IF(G23="","",G23*I23) | L23: =IF(G23="","",G23*J23) | M23: =IF(G23="","",L23*8.3%) | N23: =IF(G23="","",K23+L23+M23) | O23: =IF(G23="","",N23*15%) | P23: =IF(G23="","",N23+O23) | Q23: =IF(G23="","",P23*5%) | R23: =IF(G23="","",P23+Q23) | S23: =IF(G23="","",L23*1.05)
A24: DETAIL ESTIMATE TOTAL | K24: =SUM(K5:K23) | L24: =SUM(L5:L23) | M24: =SUM(M5:M23) | N24: =SUM(N5:N23) | O24: =SUM(O5:O23) | P24: =SUM(P5:P23) | Q24: =SUM(Q5:Q23) | R24: =SUM(R5:R23) | S24: =SUM(S5:S23)
A26: Material selection allowance: owner-selected materials may be priced up to 105% of the stated material allowance. The allowance is already covered by contingency and is not added again to the contract price.
